cohdb
Replays
Latest Replays
All Replays
Popular Replays
Top Player Replays
Match Explorer
How It Works
Community
CoH3 Stats
Reddit
Sign in to upload your games and track your stats! →
Sign in with Steam
Match 35214428
Unlisted
Match 35214428
Overview
Messages
Build Orders
End
Royal Engineer Section
Selects Air and Sea Battlegroup
Construct Section Command Post
Infantry Section
Infantry Section
Vickers Machine Gun Team
Construct Platoon Command Post
Construct Field Infirmary
Selects Commando Section Paradrop
Commando Section Paradrop
6-pounder Anti-tank Gun Team
Selects Supply Surplus
Construct Company Command Post
Matilda II Heavy Tank
Selects M1 Pack Howitzer Paradrop
Selects Anti-tank Rocket Loiter
MarNissan
Goodvyn
0
0
Comments
sign in to comment!
No comments posted yet!